 Dungeon Crawl Stone Soup version 0.29.0-4-gdea44cf6ec (webtiles) character file.

Game seed: 4095554605740961982

31 qw the Chopper (level 3, 0/23 HPs)
             Began as a Gargoyle Berserker on Sept 4, 2022.
             Was a Follower of Trog.
             Slain by a hobgoblin (2 damage)
             ... on level 2 of the Dungeon.
             The game lasted 00:00:27 (1447 turns).

qw the Chopper (Gargoyle Berserker)                 Turns: 1447, Time: 00:00:28

Health: 0/23       AC:  5    Str: 22    XL:     3   Next: 22%
Magic:  3/3        EV: 11    Int:  7    God:    Trog [*.....]
Gold:   75         SH:  0    Dex:  9    Spells: 2/2 levels left

rFire   . . .      SeeInvis .   Y - +0 hand axe
rCold   + . .      Faith    .   (no shield)
rNeg    + . .      Spirit   .   b - +0 animal skin
rPois   inf        Reflect  .   (no helmet)
rElec   +          Harm     .   (no cloak)
rCorr   .          Rampage  .   (no gloves)
Will    .....                   (no boots)
Stlth   +.........              (no amulet)
HPRegen 0.07/turn               c - ring of protection from cold
MPRegen 0.08/turn               (no ring)

@: no status effects
A: sickness immunity, AC +3, negative energy resistance 1, electricity
resistance, torment resistance 1, petrification resistance
a: Renounce Religion, Berserk


You were on level 2 of the Dungeon.
You worshipped Trog.
Trog was aware of your devotion.
You visited 1 branch of the dungeon, and saw 2 of its levels.

You collected 75 gold pieces.


Innate Abilities, Weirdness & Mutations

You are immune to sickness and miasma.
Your stone body is resilient. (AC +3)
You are immune to poison.
You resist negative energy. (rN+)
You are resistant to electric shocks. (rElec)
You are resistant to unholy torment.
You are immune to petrification.


   Skills:
 - Level 3.2 Fighting
 + Level 3.9 Axes
 - Level 2.1 Armour
 - Level 1.5 Dodging


You had 2 spell levels left.
You didn't know any spells.
Your spell library was empty.

Inventory:

Hand Weapons
 f - a +0 club
 Y - a +0 hand axe (weapon)
Armour
 b - a +0 animal skin (worn)
Jewellery
 c - a ring of protection from cold (left hand)
 e - an amulet of faith
Scrolls
 a - a scroll of identify
Potions
 d - a potion of curing {unknown}
 h - a potion of might
 j - a potion of haste {unknown}
 k - a potion of ambrosia {unknown}

Dungeon Overview and Level Annotations

Branches:
Dungeon (2/15)

Altars:

Shops:
D:1 (


Message History

You see here 7 gold pieces.
The orc shouts!
You hear a shout!
The orc throws a boomerang.
The boomerang hits you.
A frilled lizard comes into view.
The orc throws a boomerang.
The boomerang closely misses you.
The frilled lizard hisses angrily.
A bat comes into view.
You barely miss the orc.
An orc comes into view. It is wielding a +0 whip.
The orc hits you with a +0 dagger.
You barely miss the orc.
The orc shouts!
You hit the frilled lizard.
You kill the frilled lizard!
Trog accepts your kill.
You hear a shout! x2
The orc hits you but does no damage.
You hit the orc.
The orc is almost dead.
The orc misses you.
A hobgoblin comes into view.
You slash the orc!
You kill the orc!
Trog accepts your kill.
You hit the orc. The orc hits you but does no damage.
You barely miss the orc.
The orc is moderately wounded.
An orc priest comes into view. It is wielding a +0 short sword.
The orc hits you with a +0 whip.
1446 ||| Stepping ~*~*~tactically~*~*~ (hiding).
You hit the orc but do no damage.
The orc is moderately wounded.
You closely miss the hobgoblin. The orc barely misses you.
The orc priest mumbles some strange prayers to Beogh against you.
Beogh smites you!
Ouch! That really hurt!
The hobgoblin hits you.
You die...

### ########## ..#
#........##.#
..####.######.##.#
.......# #.##.#
######## #.##.#
#.##.# # #.##.#
### #.##.# ....
####.##@######
####
.###....)go......#
#
..........###.##.#
# ####.##.#.# # #
#. #..o.. # #
#....... #.#.###.#
#.#.. # #.##.#


You could see an orc priest, an orc and a hobgoblin.

Vanquished Creatures
  A dart slug (D:1)
  2 orcs (D:2)
  3 endoplasms (D:1)
  A giant cockroach (D:1)
  A goblin (D:1)
  2 hobgoblins (D:1)
  2 kobolds (D:1)
  2 quokkas
  A ball python (D:1)
  A bat (D:1)
  6 frilled lizards
  6 rats (D:1)
28 creatures vanquished.

Notes
Turn   | Place    | Note
-------+----------+-------------------------------------------
     0 | D:1      | qw the Gargoyle Berserker began the quest for the Orb.
     0 | D:1      | Reached XP level 1. HP: 14/14 MP: 1/1
     0 | D:1      | 0 ||| qw: Version: 0.1-a-103-gd6f5d3a
     0 | D:1      | 0 ||| qw: Game counter: 5467
     0 | D:1      | 0 ||| qw: Always use a shield: true
     0 | D:1      | 0 ||| qw: Do Orc after D:15 true
     0 | D:1      | 0 ||| qw: Do second Lair branch before Depths: true
     0 | D:1      | 0 ||| qw: Lair rune preference: random
     0 | D:1      | 0 ||| qw: Plans: Normal
     0 | D:1      | 0 ||| PLANNING D:1-11
    35 | D:1      | Found Wuexzim's Antique Weapon Boutique.
    38 | D:1      | 38 ||| SHOPLISTING club (29 gold, have 9).
    38 | D:1      | 38 ||| SHOPLISTING mace (87 gold, have 9).
    38 | D:1      | 38 ||| SHOPLISTING war axe (101 gold, have 9).
   128 | D:1      | Reached skill level 3 in Axes
   257 | D:1      | Reached XP level 2. HP: 14/19 MP: 2/2
   443 | D:1      | 443 ||| Stepping ~*~*~tactically~*~*~ (stealth).
   450 | D:1      | 450 ||| Stepping ~*~*~tactically~*~*~ (stealth).
  1046 | D:1      | Reached XP level 3. HP: 23/23 MP: 3/3
  1310 | D:1      | 1310 ||| UPGRADING to ring of protection from cold.
  1311 | D:1      | 1311 ||| READING 2 scrolls labelled XERAPEZ ITZYG.
  1312 | D:1      | 1312 ||| READING scroll labelled WEJOROOQUS.
  1357 | D:1      | 1357 ||| READING scroll labelled VEEPARA SEGHY.
  1361 | D:1      | 1361 ||| DRINKING 2 amethyst potions.
  1446 | D:2      | 1446 ||| Stepping ~*~*~tactically~*~*~ (hiding).
  1447 | D:2      | HP: 2/23 [orc priest/divine providence (14)]
  1447 | D:2      | Slain by a hobgoblin

Levels and vault maps discovered:
D:1:      lemuel_arrival_river_bridge, layout_loops_ring, serial_shops,
          nicolae_shop_behind_doors
D:2:      layout_loops_ring, shapermc_ecumenical_altar_flowoftime, basic_altar,
          uniq_jessica

Skill      XL: |  1 |
---------------+----+-----
Axes           | 3 |  3.9
Fighting       | |  3.2
Armour         | |  2.1
Dodging        | |  1.5

Action                   || total
-------------------------++-------
Melee: Hand axe          ||    88
  Use: Scroll            ||     3
       Potion            ||     1
Armor: Animal skin       ||    23
Dodge: Dodged            ||    40

Table legend:
 A = Non-vault XP
 B = Vault XP
 C = Vault XP percentage of total XP
 D = Non-vault monster count
 E = Vault monster count
 F = Vault count percentage of total count
                 A         B        C        D         E       F
            +---------+---------+-------+---------+---------+-------
      Total |      45 |       0 |   0.0 |      28 |       0 |   0.0
            +---------+---------+-------+---------+---------+-------
        D:1 |      36 |       0 |   0.0 |      24 |       0 |   0.0
        D:2 |       9 |       0 |   0.0 |       4 |       0 |   0.0
            +---------+---------+-------+---------+---------+-------
